 Dungeon Crawl Stone Soup version 0.29.1-12-g30fa7ad0bf (webtiles) character file.

Game seed: 7641719320828261492

14 hawla the Chiller (level 2, -7/20 HPs)
             Began as a Meteoran Ice Elementalist on Dec 26, 2022.
             Mangled by an ogre
             ... wielding a +0 giant club
              (13 damage)
             ... on level 4 of the Dungeon.
             The game lasted 00:02:33 (307 turns).

hawla the Chiller (Meteoran Ice Elementalist)        Turns: 307, Time: 00:02:33

Health: -7/20      AC:  2    Str:  9    XL:     2   Next: 76%
Magic:  6/6        EV: 12    Int: 16    God:
Gold:   42         SH:  0    Dex: 14    Spells: 5/6 levels left

rFire   . . .      SeeInvis .   f - +2 dagger (distort)
rCold   . . .      Faith    .   (no shield)
rNeg    . . .      Spirit   .   a - +0 robe
rPois   .          Reflect  .   (no helmet)
rElec   .          Harm     .   (no cloak)
rCorr   .          Rampage  .   (no gloves)
Will    .....                   (no boots)
Stlth   +.........              h - amulet of magic regeneration
HPRegen 0.06/turn               (no ring)
MPRegen 0.50/turn               (no ring)

@: glowing
A: sense surroundings 1, otherworldly, glowing, explore regen
a: no special abilities


You were on level 4 of the Dungeon.
You visited 1 branch of the dungeon, and saw 4 of its levels.

You collected 42 gold pieces.

Inventory:

Hand Weapons
 f - a +2 dagger of distortion (weapon)
Armour
 a - a +0 robe (worn)
Jewellery
 h - an amulet of magic regeneration (around neck)
Scrolls
 d - a scroll of teleportation
 e - a scroll of identify
 i - a scroll of poison {unknown}
Potions
 b - a potion of magic
 c - a potion of curing
 g - a potion of brilliance {unknown}


   Skills:
 + Level 2.4 Dodging
 - Level 1.4 Stealth
 + Level 2.8 Spellcasting
 + Level 5.0 Ice Magic


You had 5 spell levels left.
You knew the following spells:

 Your Spells              Type           Power      Damage    Failure   Level
a - Freeze                Ice            72%        1d9       2%          1

Your spell library contained the following spells:

 Spells                   Type           Power      Damage    Failure   Level
 Frozen Ramparts          Ice            36%        1d6       8%          3
 Ozocubu's Armour         Ice            18%        N/A       8%          3
 Hailstorm                Conj/Ice       10%        3d5       56%         4


Dungeon Overview and Level Annotations

Branches:
Dungeon (4/15) Zot: 2093
 Temple: D:4-7

Altars:


Innate Abilities, Weirdness & Mutations

You passively map a small area around you.
You are easily found by Zot.
You glow in the dark.
You regain HP and MP as you explore.


Message History

The jackal bites you. The jackal barely misses you.
Unknown command.
Casting: Freeze (safe; 2% risk of failure)
Confirm with . or Enter, or press ? or * to list all spells.
Aiming: Freeze (safe; 2% risk of failure)
Press: ? - help, Shift-Dir - straight line, f/p - jackal
Aim: a jackal (almost dead)
You freeze the jackal.
You kill the jackal!
Unknown command.
Magic restored.
You see here a jackal corpse.
An ogre comes into view. It is wielding a +0 giant club.
The ogre shouts!
Casting: Freeze (safe; 2% risk of failure)
Confirm with . or Enter, or press ? or * to list all spells.
Aiming: Freeze (safe; 2% risk of failure)
Press: ? - help, Shift-Dir - straight line, f - ogre
Aim: an ogre, wielding a +0 giant club You freeze the ogre.
The ogre is lightly wounded.
The ogre barely misses you.
You hit the ogre.
Space warps around the ogre.
The ogre is heavily wounded.
You hit the ogre but do no damage.
Space warps around the ogre.
The ogre is heavily wounded.
The ogre barely misses you.
You hit the ogre.
The ogre is severely wounded.
The ogre blinks!
The ogre hits you with a +0 giant club!
Ouch! That really hurt!
* * * LOW HITPOINT WARNING * * *
You barely miss the ogre.
The ogre is heavily wounded.
You hit the ogre.
Space warps around the ogre.
The ogre is almost dead.
The ogre hits you with a +0 giant club!
Ouch! That really hurt!
You die...

#.†..# #.##.# ,
#.##.# #.##.# *,
#.##.# #.##.# *
#.##.#### * **
##########...$...#,
........@O.##.##.#
##########.##.# # ,
#.##.#* * ** *
#.##.# , , , .....#
, , , **#.####, ,
,*, ... , , * .# ,
* ,


You could see an ogre.

Vanquished Creatures
  2 ball pythons
  An endoplasm (D:1)
  A goblin (D:3)
  2 hobgoblins (D:3)
  2 jackals (D:4)
  2 bats
  3 rats (D:2)
13 creatures vanquished.

Notes
Turn   | Place    | Note
-------+----------+-------------------------------------------
     0 | D:1      | hawla the Meteoran Ice Elementalist began the quest for the
                  | Orb.
     0 | D:1      | Reached XP level 1. HP: 14/14 MP: 5/5
    99 | D:2      | Reached XP level 2. HP: 15/20 MP: 6/6
   280 | D:4      | Reached skill level 5 in Ice Magic
   294 | D:4      | Noticed an ogre
   307 | D:4      | Mangled by an ogre

Illustrated notes

Levels and vault maps discovered:
D:1:      wander_arrival_lonely_grave, layout_loops_ring,
          hellmonk_ecumenical_altar_lost_god, minmay_misc_feat_ornament,
          minmay_3d_cube
D:2:      layout_rooms, st_stairs_12, kennysheep_potato
D:3:      layout_loops_ring, minmay_quadrilaterals
D:4:      layout_loops_ring, minmay_strange_pillars, patterned_corridor,
          uniq_menkaure

Skill      XL: |  1  2 |
---------------+-------+-----
Ice Magic      | 5 |  5.0
Dodging        | |  2.4
Stealth        | |  1.4
Spellcasting   | |  2.8

Action                   || total
-------------------------++-------
Melee: Dagger            ||    30
 Cast: Freeze            ||     4
  Use: Scroll            ||     5
Armor: Robe              ||    15
Dodge: Dodged            ||    23
